 Dungeon Sprint DCSS version 0.24.0-1-gfbc8707 (webtiles) character file.

Game seed: 1824806149794191107, levelgen mode: deterministic

15646 Fang the Warrior (level 12, -4/135 HPs)
             Began as a Gargoyle Berserker on Nov 6, 2019.
             Was the Champion of Trog.
             Killed by divine providence
             ... invoked by a daeva
              (14 damage)
             ... in the Dungeon (Sprint V: "Ziggurat Sprint").
             The game lasted 00:04:40 (1438 turns).

Fang the Warrior (Gargoyle Berserker)               Turns: 1438, Time: 00:04:41

Health: -4/135     AC: 43    Str: 39    XL:     12   Next: 29%
Magic:  12/12      EV:  7    Int:  9    God:    Trog [******]
Gold:   0          SH: 27    Dex:  9    Spells: 11/11 levels left

rFire    + . .     SeeInvis +   a - +9 broad axe (flame)
rCold    . . .     Gourm    .   E - +18 shield of the Gong {rElec rN+ MR+ EV-5}
rNeg     + + .     Faith    .   b - +15 Maxwell's patent armour {-Cast -Tele rElec MR+ rCorr}
rPois    ∞         Spirit   .   (no helmet)
rElec    +         Reflect  .   (no cloak)
rCorr    +         Harm     .   N - +1 pair of gloves {Str+3}
MR       ++...     NoTele   +   (no boots) Stlth ..........NoCast +
                                (no amulet)
HPRegen  0.32/turn              D - +6 ring of strength
MPRegen  0.13/turn              M - ring of Raschegyt {+Fly rPois rF+ SInv}

@: berserking (expiring), glowing, very quick
A: negative energy resistance 1, electricity resistance, unbreathing,
petrification resistance, rot immunity, AC +8
a: Berserk, Trog's Hand, Brothers in Arms, Renounce Religion, Evoke Flight


You were in the Dungeon.
You worshipped Trog.
Trog was exalted by your worship.
You were very hungry.

You visited 1 branch

Inventory:

Hand Weapons
 a - a +9 broad axe of flaming (weapon)
 y - the +8 frozen axe "Frostbite" {freezing cloud, *Noise +Fly rC+}
   (You took it off an orc warrior in the Dungeon)

   It has been specially enchanted to freeze those struck by it, causing extra
   injury to most foes and up to half again as much damage against particularly
   susceptible opponents.
   It can also slow down cold-blooded creatures.
   It protects you from cold.
   It lets you fly.
   It may make noises in combat.
 z - a +2 broad axe of flaming
Armour
 b - the +15 Maxwell's patent armour (worn) {-Cast -Tele rElec MR+ rCorr}
   (You found it in the Dungeon)

   It insulates you from electricity.
   It affects your resistance to hostile enchantments.
   It prevents spellcasting.
   It prevents most forms of teleportation.
   It provides partial protection from all sources of acid and corrosion.
 E - the +18 shield of the Gong (worn) {rElec rN+ MR+ EV-5}
   (You found it in the Dungeon)

   It affects your evasion (-5).
   It insulates you from electricity.
   It protects you from negative energy.
   It affects your resistance to hostile enchantments.
 N - a +1 pair of gloves of strength (worn)
Jewellery
 g - the ring "Egotasch" {Fire Str+5 Int+3 Dex+3}
   (You found it in the Dungeon)

   [ring of fire]

   It enhances your fire magic.
   It affects your strength (+5).
   It affects your intelligence (+3).
   It affects your dexterity (+3).
   It protects you from fire.
   It makes you vulnerable to cold.
 B - an uncursed ring of flight
 C - the amulet of the Air {Inacc +Fly rElec EV+5 RMsl}
   (You found it in the Dungeon)

   [amulet of inaccuracy]

   It reduces the accuracy of all your attacks.
   It affects your evasion (+5).
   It insulates you from electricity.
   It lets you fly.
   It protects you from missiles.
 D - a +6 ring of strength (left hand)
 L - the ring "Ihiuskutipn" {rF+ Int+3}
   (You found it in the Dungeon)

   [ring of protection from fire]

   It affects your intelligence (+3).
   It protects you from fire.
 M - the ring of Raschegyt (right hand) {+Fly rPois rF+ SInv}
   (You found it in the Dungeon)

   [ring of flight]

   It protects you from fire.
   It protects you from poison.
   It lets you see invisible.
   It lets you fly.
Wands
 u - a wand of disintegration (7)
 v - a wand of iceblast (7)
 w - a wand of acid (7)
Scrolls
 i - 4 scrolls of blinking
 j - 7 scrolls of fog
 k - a scroll of holy word
 l - 5 scrolls of identify
 m - 5 scrolls of remove curse
 n - 2 scrolls of fear
 A - a scroll of brand weapon
 F - a scroll of acquirement
Potions
 d - 10 potions of curing
 e - 14 potions of heal wounds
 f - 6 potions of haste
 h - 3 potions of berserk rage
 o - a potion of flight {unknown}
 p - 2 potions of invisibility
 q - 4 potions of resistance
 r - a potion of experience
 s - 5 potions of agility
 t - 5 potions of might
 x - 2 potions of ambrosia {unknown}
Comestibles
 c - 6 rations


   Skills:
 + Level 16.4 Fighting
 + Level 14.2 Axes
 + Level 16.3 Armour
 + Level 13.0 Dodging


You had 11 spell levels left.
You didn't know any spells.
Your spell library was empty.

Dungeon Overview and Level Annotations

Branches:
Dungeon (1/1)

Altars:
Ashenzari
Cheibriados
Dithmenos
Elyvilon
Fedhas
Gozag
Hepliaklqana
Kikubaaqudgha
Makhleb
Nemelex Xobeh
Okawaru
Qazlal
Ru
Sif Muna
Trog
Uskayaw
Vehumet
Wu Jian
Xom
Yredelemnul
Zin
The Shining One
Beogh
Jiyva
Lugonu

Annotations:
D 1 transporter


Innate Abilities, Weirdness & Mutations

You are resistant to torment.
Your stone body is resilient. (AC +8)
You are immune to poison.
You resist negative energy. (rN+)
You are resistant to electric shocks. (rElec)
You can survive without breathing.
You are immune to petrification.
You are immune to rotting.


Message History

The Shining One smites you!
* * * LOW HITPOINT WARNING * * *
You block the angel's attack.
GONNNNG!
You block the angel's attack.
PANG!
The ophan calls forth blessed flames!
Blessed fire suddenly surrounds you! You block the cherub's attack.
GONNNNG!
The cherub gores you but does no damage.
The daeva blocks your attack.
You closely miss the angel. You slash the ophan! You burn the ophan!
You closely miss the cherub.
The angel no longer looks unusually strong.
You block the angel's attack.
BOUMMMMG!
You block the angel's attack.
SHROANNG!
The daeva calls down the wrath of the Shining One upon you.
The Shining One smites you!
You die...

▓....)....▓
▓▓▓▓▓▓▓▓▓▓▓▓▓.▓.....▓.▓
▓....8©8....▓....©....▓
▓..})}[=.)..▓▓▓▓▓▓▓▓▓▓▓
▓...):)|:...▓...8©8...▓
▓...........▓....[)...▓
▓...........▓....|:...▓
▓....§A§....▓.........▓
▓....G@A....▓...).....▓
▓....A§§....▓...)))...▓
▓..▓.§(§.▓..▓....)....▓
▓....§§§....▓.▓.....▓.▓
▓.....©.....▓....©....▓
▓▓▓▓▓▓▓▓▓▓▓▓▓▓▓▓▓▓▓▓▓▓▓
▓...8©8...▓...8©8...▓..
▓...:})}|.▓...}|}:..▓..
▓...|)}}..▓......)..▓..


You could see a daeva, an angel, an ophan and a cherub.

Vanquished Creatures
  A pearl dragon (D)
  An Executioner (D)
  3 storm dragons (D)
  A deep elf knight (D)
  A sixfirhy (D)
  A deep elf archer (D)
  A deep elf mage (D)
  4 toenail golems (D)
  A smoke demon (D)
  3 naga magi (D)
  2 ice devils (D)
  3 red devils (D)
  Sigmund (D)
  5 air elementals (D)
  2 tarantellas (D)
  A ynoxinul (D)
  2 redbacks (D)
  2 yaks (D)
  A naga (D)
  A water moccasin (D)
  A hell hound (D)
  An orc warrior (D)
  A phantom (D)
  3 necrophages (D)
  Blork the orc (D)
  An earth elemental (D)
  2 scorpions (D)
  A wight (D)
  A crimson imp (D)
  4 quasits (D)
  2 orc priests (D)
  2 iron imps (D)
  Jessica (D)
  A shadow imp (D)
  2 ufetubi (D)
  An adder zombie (D)
  An adder skeleton (D)
  3 orcs (D)
  2 bat zombies (D)
  3 ball pythons (D)
71 creatures vanquished.

Vanquished Creatures (others)
  A storm dragon (D)
  A spriggan air mage (D)
  A spatial maelstrom (D)
  A wind drake (D)
  An insubstantial wisp (D)
5 creatures vanquished.

Grand Total: 76 creatures vanquished

Notes
Turn   | Place    | Note
-------+----------+-------------------------------------------
     0 | D        | Fang the Gargoyle Berserker began the quest for the Orb.
     0 | D        | Reached XP level 1. HP: 14/14 MP: 1/1
     0 | D        | Found a blossoming altar of Fedhas.
     1 | D        | Found the +6 Majin-Bo {vamp, Archmagi MP+6 Int+6}
     1 | D        | Found the +7 great mace "Firestarter" {inner flame, rF++}
     1 | D        | Found a transporter.
     1 | D        | Found a viscous altar of Jiyva.
     1 | D        | Found an ancient bone altar of Kikubaaqudgha.
     1 | D        | Found a hazy altar of Hepliaklqana.
     1 | D        | Found a corrupted altar of Lugonu.
     1 | D        | Found an opulent altar of Gozag.
     1 | D        | Found a burning altar of Makhleb.
     6 | D        | Banished a spatial maelstrom
    15 | D        | Found a sacrificial altar of Ru.
    15 | D        | Found a stormy altar of Qazlal.
    15 | D        | Found a shimmering blue altar of Sif Muna.
    15 | D        | Found an iron altar of Okawaru.
    15 | D        | Found a bloodstained altar of Trog.
    15 | D        | Found a sparkling altar of Nemelex Xobeh.
    27 | D        | Found the +9 heavy crossbow "Sniper" {velocity, Acc+∞ SInv}
    27 | D        | Found the +10 dark maul {crush}
    27 | D        | Found the +15 Maxwell's patent armour {-Cast -Tele rElec
                  | MR+ rCorr}
    27 | D        | Found the +18 shield of the Gong {rElec rN+ MR+ EV-5}
    27 | D        | Found the cursed +14 obsidian axe {chop, +Fly SInv *Curse}
    81 | D        | Entered arena 2.
    81 | D        | Noticed a yak
    81 | D        | Noticed a yak
    81 | D        | Found a transporter.
    85 | D        | Killed a yak
    85 | D        | Reached skill level 5 in Axes
    85 | D        | Reached skill level 5 in Armour
    85 | D        | Reached XP level 2. HP: 23/23 MP: 2/2
    85 | D        | Reached XP level 3. HP: 28/28 MP: 3/3
    85 | D        | Reached XP level 4. HP: 32/32 MP: 4/4
    85 | D        | Reached XP level 5. HP: 37/37 MP: 5/5
    88 | D        | Killed a yak
    88 | D        | Reached skill level 5 in Dodging
    88 | D        | Reached XP level 6. HP: 44/44 MP: 6/6
   136 | D        | Entered arena 3.
   136 | D        | Noticed Sigmund
   136 | D        | Noticed Jessica
   136 | D        | Noticed Blork the orc
   136 | D        | Found a transporter.
   139 | D        | Killed Jessica
   139 | D        | Reached ** piety under Trog
   141 | D        | Killed Blork the orc
   147 | D        | Killed Sigmund
   147 | D        | Reached *** piety under Trog
   147 | D        | Reached XP level 7. HP: 51/51 MP: 7/7
   193 | D        | Entered arena 4.
   193 | D        | Noticed a sixfirhy
   193 | D        | Found a transporter.
   199 | D        | Reached **** piety under Trog
   202 | D        | Killed a sixfirhy
   202 | D        | Reached skill level 10 in Fighting
   202 | D        | Reached skill level 10 in Armour
   202 | D        | Reached XP level 8. HP: 58/58 MP: 8/8
   318 | D        | Entered arena 5.
   318 | D        | Noticed a toenail golem
   318 | D        | Noticed a toenail golem
   318 | D        | Noticed a toenail golem
   318 | D        | Noticed a toenail golem
   318 | D        | Found a transporter.
   319 | D        | Found the +10 zealot's sword {holy, *Rage rN+ EV+3}
   319 | D        | Found the +27 Lear's hauberk
   324 | D        | Killed a toenail golem
   325 | D        | Killed a toenail golem
   325 | D        | Reached XP level 9. HP: 64/64 MP: 9/9
   328 | D        | Killed a toenail golem
   328 | D        | Reached skill level 10 in Axes
   333 | D        | Killed a toenail golem
   333 | D        | Received a gift from Trog
   333 | D        | Reached ***** piety under Trog
   382 | D        | Entered arena 6.
   382 | D        | Noticed a deep elf knight
   382 | D        | Noticed a deep elf archer
   382 | D        | Noticed a deep elf mage
   382 | D        | Found a transporter.
   391 | D        | Killed a deep elf archer
   391 | D        | Killed a deep elf knight
   394 | D        | Killed a deep elf mage
   394 | D        | Reached XP level 10. HP: 72/72 MP: 10/10
   395 | D        | Received a gift from Trog
   403 | D        | Got the ring "Egotasch" {Fire Str+5 Int+3 Dex+3}
   443 | D        | Entered arena 7.
   444 | D        | Found a transporter.
   453 | D        | Reached skill level 10 in Dodging
   493 | D        | Entered arena 8.
   495 | D        | Found a transporter.
   498 | D        | Received a gift from Trog
   500 | D        | Reached ****** piety under Trog
   501 | D        | Received a gift from Trog
   536 | D        | Got the ring "Sewaqor" {Wiz Str+2}
   547 | D        | Entered arena 9.
   548 | D        | Found a transporter.
   560 | D        | Received a gift from Trog
   585 | D        | Entered arena 10.
   585 | D        | Noticed a naga mage
   585 | D        | Noticed a naga mage
   585 | D        | Noticed a naga mage
   586 | D        | Identified the +5 hand crossbow "Bunoobb" {flame, MP-9
                  | Int+7 Dex+3 Stlth+}
   586 | D        | Found a transporter.
   597 | D        | Killed a naga mage
   597 | D        | Received a gift from Trog
   597 | D        | Killed a naga mage
   601 | D        | Killed a naga mage
   759 | D        | Got the ring of Raschegyt {+Fly rPois rF+ SInv}
   764 | D        | Entered arena 11.
   764 | D        | Noticed a smoke demon
   764 | D        | Noticed an Executioner
   765 | D        | Found a transporter.
   769 | D        | Received a gift from Trog
   773 | D        | Killed a smoke demon
   775 | D        | Killed an Executioner
   775 | D        | Reached XP level 11. HP: 80/80 MP: 11/11
   785 | D        | Got the ring "Ihiuskutipn" {rF+ Int+3}
   845 | D        | Entered arena 12.
   851 | D        | Received a gift from Trog
   859 | D        | Found a transporter.
   868 | D        | Reached skill level 15 in Fighting
   948 | D        | Entered arena 13.
   948 | D        | Noticed a spriggan air mage
   948 | D        | Noticed a storm dragon
   948 | D        | Noticed a storm dragon
   948 | D        | Noticed a storm dragon
   949 | D        | Found the +8 trident of the Octopus King {venom, rElec
                  | rPois MR+}
   949 | D        | Noticed a storm dragon
   950 | D        | Found a transporter.
   951 | D        | Found the amulet of the Air {Inacc +Fly rElec EV+5 RMsl}
   954 | D        | Received a gift from Trog
   954 | D        | Killed a spriggan air mage
   954 | D        | Killed a storm dragon
   954 | D        | Reached skill level 15 in Armour
   957 | D        | Killed a storm dragon
   958 | D        | Killed a storm dragon
   961 | D        | Killed a storm dragon
   961 | D        | Reached XP level 12. HP: 7/88 MP: 12/12
  1424 | D        | Entered arena 14.
  1425 | D        | Noticed a pearl dragon
  1425 | D        | Noticed a daeva
  1426 | D        | Noticed an ophan
  1426 | D        | Noticed an angel
  1429 | D        | Found a transporter.
  1435 | D        | Killed a pearl dragon
  1438 | D        | Killed from afar by a daeva

Levels and vault maps discovered:
D:        sprint_v [room_start, room_1, room_2, room_3, room_4, room_5, room_6,
          room_7, room_8, room_9, room_10, room_11, room_12, room_13, room_14,
          room_15, room_16, room_17, room_18, room_19, room_20, room_21,
          room_22, room_23, room_24, room_25, room_26, room_27]

Skill      XL: |  1  2  3  4  5  6  7  8  9 10 11 12 |
---------------+-------------------------------------+-----
Fighting       | 6 7 9 10 11 12 14 15 16 | 16.4
Axes           | 5 6 7 8 9 10 12 13 14 | 14.2
Armour         | 5 7 8 10 11 12 14 15 16 | 16.3
Dodging        | 4 5 6 7 8 9 11 12 13 | 13.0

Action                   |  1- 3 |  4- 6 |  7- 9 | 10-12 || total
-------------------------+-------+-------+-------+-------++-------
Melee: Broad axe         |     3 |    10 |    30 |    88 ||   131
Invok: Berserk           |     1 |     1 |     3 |     6 ||    11
  Use: Scroll            |       |       |       |     7 ||     7
  Eat: Chunk             |       |       |     2 |     2 ||     4
       Ration            |       |       |       |     2 ||     2
Armor: Plate armour      |     2 |     4 |    22 |    96 ||   124
Dodge: Dodged            |       |       |     3 |    23 ||    26
Block: Shield            |     2 |     4 |    55 |   175 ||   236
